 Dungeon Crawl Stone Soup version 0.32-a0-893-gf85d74f360 (webtiles) character file.

Game seed: 17249997823491464906

341 pokedragonboy the Trooper (level 6, -3/99 HPs)
             Began as an Oni Berserker on Apr 3, 2024.
             Was a Believer of Trog.
             Slain by AutarchDCSS's ghost (15 damage)
             ... on level 3 of the Dungeon.
             The game lasted 00:07:00 (2316 turns).

pokedragonboy the Trooper (Oni Berserker)           Turns: 2316, Time: 00:07:02

Health: -3/99      AC:  6    Str: 22    XL:     6   Next: 56%
Magic:  6/6        EV: 10    Int:  5    God:    Trog [**....]
Gold:   128        SH:  0    Dex: 16    Spells: 5/5 levels left

rFire   . . .        a - +2 whip (elec)
rCold   . . .        (no shield)
rNeg    . . .        p - +2 robe {Will+}
rPois   .            (helmet restricted)
rElec   +            o - +0 cloak
rCorr   .            (gloves unavailable)
SInv    .            (boots unavailable)
Will    +....        j - amulet of Nawatidgh {Harm rElec Regen+ Int-3} Stlth
                     i - +6 ring of dexterity
HPRegen 1.16/turn    (no ring)
MPRegen 0.10/turn

%: harm (+30% outgoing, +20% incoming)
@: berserking (expiring), lethally poisoned (-3 -> -9), slowed
A: large, unfitting armour, horns 1, tough skin 1, double potion healing,
drunken brawling
a: Renounce Religion, Berserk, Trog's Hand


You were on level 3 of the Dungeon.
You worshipped Trog.
Trog was pleased with you.
You visited 1 branch of the dungeon, and saw 3 of its levels.

You collected 128 gold pieces.

Inventory:

Hand Weapons
 a - a +2 whip of electrocution (weapon)
Missiles
 m - 3 boomerangs (quivered)
Armour
 o - a +0 cloak (worn)
 p - a +2 robe of willpower (worn)
Jewellery
 i - a +6 ring of dexterity (left hand)
 j - the amulet of Nawatidgh (around neck) {Harm rElec Regen+ Int-3}
   (You found it on level 2 of the Dungeon)

   [amulet of regeneration]

   Int-3:     It affects your intelligence (-3).
   rElec:     It insulates you from electricity.
   Regen+:    It increases your rate of health regeneration.
   Harm:      It increases damage dealt and taken.
Talismans
 e - a beast talisman
Wands
 c - a wand of flame (19)
Scrolls
 h - a scroll of immolation {unknown}
 k - a scroll of enchant weapon {unknown}
 n - a scroll of fear {unknown}
Potions
 g - 2 potions of haste
 l - a potion of heal wounds {unknown}


   Skills:
 + Level 5.5 Fighting
 * Level 5.0 Maces & Flails
 * Level 4.5 Dodging


You had 5 spell levels left.
You didn't know any spells.
Your spell library was empty.

Dungeon Overview and Level Annotations

Branches:
Dungeon (3/15)

Altars:
Cheibriados

Shops:
D:2 =

Annotations:
D:3 AutarchDCSS's ghost, weakling DrFE; Natasha


Innate Abilities, Weirdness & Mutations

You are too large for most types of armour.
You have a pair of small horns on your head.
You have tough skin. (AC +1)
You gain doubled healing and magic from potions.
Whenever you drink a healing potion, you attack all around you.


Message History

You feel very sick. The foxfire hits you. The foxfire hits you!
The kobold brigand throws a curare-tipped dart.
The curare-tipped dart hits you.
You are more poisoned.
You have difficulty breathing.
You feel as though you will be slow longer.
Natasha, Servant of Life and Death comes into view.
You are too berserk!
Okay, then.
Natasha hisses angrily.
You whack the kobold!
You kill the kobold!
Trog accepts your kill.
You feel extremely sick.
Unknown command.
You whack the kobold brigand!
The kobold brigand is severely wounded.
You feel very sick.
Unknown command.
You hit the kobold brigand.
The kobold brigand is almost dead.
You feel very sick. The kobold brigand barely misses you.
Unknown command.
You barely miss the kobold brigand.
The kobold brigand is almost dead.
You feel very sick.
The kobold brigand hits you with a +0 short sword of chaos.
* * * LOW HITPOINT WARNING * * *
You feel as though you will be slow longer.
AutarchDCSS's ghost screams, "They lied to you.
The Dungeon just goes down and down forever."
Natasha casts a spell.
You closely miss the kobold brigand.
The kobold brigand is almost dead.
You feel very sick. The kobold brigand barely misses you.
AutarchDCSS's ghost gestures wildly while chanting.
Flames lash you.
You die...

##.# #.### #.............# ...#
#...# ###.#########.#
##)#########.# #.# #..
##........##.### #.# ###
#############..# #.# ####
##.♣.##.# ##<## ...# #.....#§#
##..)#########
##.####$.###.'K####....).......##
......#/...$.'WK@.h....#######.##
##.####..###.'K######### #.##
##.# #.....#.# #>## #.# ##.♣.##.#
#.## #.# #####..# #.## #.# #.#
#### #.#. #.# #.# #.#.
##.######.# #.#. ..........#####
#.##


You could see a kobold brigand, Natasha, AutarchDCSS's ghost and 2 kobolds.

Vanquished Creatures
  Sigmund (D:3)
  Natasha (twice) (D:3)
  An iguana (D:2)
  4 gnolls (D:3)
  2 adders (D:2)
  A ribbon worm (D:2)
  4 orcs (D:3)
  6 endoplasms
  2 giant cockroaches
  4 goblins
  2 hobgoblins
  3 ball pythons (D:2)
  6 bats
  2 frilled lizards
  6 kobolds
  6 rats
52 creatures vanquished.

Vanquished Creatures (others)
  2 foxfires (D:3)
2 creatures vanquished.

Grand Total: 54 creatures vanquished

Notes
Turn   | Place    | Note
-------+----------+-------------------------------------------
     0 | D:1      | pokedragonboy the Oni Berserker began the quest for the
                  | Orb.
     0 | D:1      | Reached XP level 1. HP: 24/24 MP: 1/1
    65 | D:1      | Found a faded altar of an unknown god.
   182 | D:1      | Reached XP level 2. HP: 32/32 MP: 2/2
   550 | D:2      | Reached XP level 3. HP: 39/40 MP: 3/3
   577 | D:2      | Reached ** piety under Trog
   621 | D:2      | Found Xakotop's Jewellery Emporium.
   851 | D:2      | Identified the amulet of Nawatidgh {Harm rElec Regen+
                  | Int-3}
   984 | D:2      | Reached XP level 4. HP: 45/49 MP: 4/4
  1345 | D:2      | Found a snail-covered altar of Cheibriados.
  1648 | D:3      | HP: 3/73 [gnoll/+0 spear (6)]
  1736 | D:3      | Found a runed translucent gate.
  1736 | D:3      | Found a runed translucent gate.
  1737 | D:3      | Found a runed translucent gate.
  1739 | D:3      | Noticed AutarchDCSS's ghost (weakling DrFE)
  1740 | D:3      | Noticed a kobold brigand
  1823 | D:3      | Noticed Natasha
  1825 | D:3      | Killed Natasha
  1826 | D:3      | Reached XP level 5. HP: 55/55 MP: 5/5
  1860 | D:3      | Noticed Natasha
  1865 | D:3      | Killed Natasha
  1866 | D:3      | Reached skill level 5 in Fighting
  1953 | D:3      | Noticed Sigmund
  1963 | D:3      | Killed Sigmund
  1964 | D:3      | Reached skill level 5 in Maces & Flails
  1964 | D:3      | Reached XP level 6. HP: 63/66 MP: 6/6
  2311 | D:3      | Noticed Natasha
  2316 | D:3      | Slain by AutarchDCSS's ghost

Illustrated notes

Levels and vault maps discovered:
D:1:      scummos_arrival_checkerplants, layout_basic,
          dreamdust_ecumenical_altar_statues
D:2:      layout_loops_ring, serial_shops,
          nicolae_shop_competitors_out_of_business, basic_altar,
          roderic_serpentine_path
D:3:      layout_loops_ring, gammafunk_ghost_nasty_kobolds, minivault_24,
          uniq_sigmund, uniq_natasha

Skill      XL: |  1  2  3  4  5 |
---------------+----------------+-----
Dodging        | 3 4 |  4.5
Maces & Flails | 4 5 |  5.0
Fighting       | 5 |  5.5

Action                     |  1- 3 |  4- 6 || total
---------------------------+-------+-------++-------
  Melee: Mace              |    82 |     3 ||    85
         Headbutt          |     7 |     8 ||    15
         Whip              |       |    52 ||    52
 Invoke: Berserk           |       |     3 ||     3
    Use: Scroll            |       |     4 ||     4
   Stab: Sleeping          |       |     1 ||     1
 Armour: Animal skin       |    66 |    27 ||    93
         Robe              |       |     7 ||     7
  Dodge: Dodged            |    53 |    30 ||    83

Table legend: (Time is in decaauts)
 A = Elapsed time spent in this place.
 B = Non-inter-level travel time spent in this place.
 C = Inter-level travel time spent in this place.
 D = Time resting spent in this place.
 E = Time spent auto-exploring this place.
 F = Levels seen in this place.
 G = Mean time per level.
                   A        B        C        D        E       F      G
               +--------+--------+--------+--------+--------+-----+--------+
         Total |   2356 |   2223 |    133 |    165 |   1632 |   3 |  785.3 |
       Dungeon |   2356 |   2223 |    133 |    165 |   1632 |   3 |  785.3 |
               +--------+--------+--------+--------+--------+-----+--------+

Top non-repeatable levels by time:
     D:3: 916 daAuts
     D:2: 895 daAuts
     D:1: 545 daAuts
